 Dungeon Crawl Stone Soup version 0.23.0-42-geed6394 (webtiles) character file.

Game seed: 18383229500875014210

922 Hasart the Digger (level 7, 0/36 HPs)
             Began as a Deep Elf Earth Elementalist on Mar 1, 2019.
             Slain by Duvessa
             ... wielding a +0 short sword
              (10 damage)
             ... on level 5 of the Dungeon.
             The game lasted 00:12:44 (4816 turns).

Hasart the Digger (Deep Elf Earth Elementalist)     Turns: 4816, Time: 00:12:45

Health: 0/36       AC:  2    Str:  5    XL:     7   Next: 84%
Magic:  3/18       EV: 15    Int: 22    God:
Gold:   194        SH:  0    Dex: 15    Spells: 9/18 levels left

rFire    . . .     SeeInvis .   n - +0 short sword
rCold    . . .     Gourm    .   (no shield)
rNeg     . . .     Faith    .   c - +0 robe
rPois    .         Spirit   .   (no helmet)
rElec    .         Reflect  .   (no cloak)
rCorr    .         Harm     .   (no gloves)
MR       .....                  (no boots)
Stlth    ++........             (no amulet)
HPRegen  0.12/turn              (no ring)
MPRegen  0.16/turn              (no ring)

@: no status effects
A: no striking features
a: no special abilities


You were on level 5 of the Dungeon.
You were not hungry.

You visited 1 branch of the dungeon, and saw 5 of its levels.
You also visited: Sewer.

You collected 194 gold pieces.

Inventory:

Hand Weapons
 n - a +0 short sword (weapon)
Missiles
 g - 9 stones (quivered)
Armour
 c - a +0 robe (worn)
 s - a +0 troll leather armour {Purgy}
Wands
 b - a wand of paralysis (11)
 p - a wand of flame (14)
Scrolls
 a - 9 scrolls of identify {unknown}
 e - 2 scrolls of remove curse
 f - a scroll of magic mapping {unknown}
 h - 4 scrolls of teleportation
 l - 3 scrolls of fog {unknown}
 t - a scroll of blinking {unknown}
Potions
 i - 2 potions of lignification {unknown}
 j - 2 potions of heal wounds {unknown}
 k - 4 potions of might {unknown}
 m - 2 potions of cancellation {unknown}
 o - a potion of brilliance {unknown}
 q - 2 potions of degeneration {unknown}
 r - 2 potions of curing {unknown}
 v - 3 potions of flight {unknown}
Comestibles
 d - 10 rations
 u - 6 chunks of flesh


   Skills:
 + Level 0.5 Armour
 + Level 5.7 Dodging
 - Level 2.4 Stealth
 + Level 6.4 Spellcasting
 * Level 1.3 Conjurations
   Level 1.1 Transmutations
 + Level 7.5 Earth Magic


You had 9 spell levels left.
You knew the following spells:

 Your Spells              Type           Power        Failure   Level  Hunger
a - Stone Arrow           Conj/Erth      ####..       4%          3    #......
b - Sandblast             Erth           #####.       1%          1    None
c - Lee's Rapid Deconstr  Erth           #####.....   11%         5    #####..

Your spell library contained the following spells:

 Spells                   Type           Power        Failure   Level  Hunger
 Passwall                 Tmut/Erth      ####....     2%          2    None
 Petrify                  Tmut/Erth      ####....     14%         4    ###....


Dungeon Overview and Level Annotations

Branches:
Dungeon (5/15)
 Temple: D:4-7

Altars:
Yredelemnul

Annotations:
D:5 Duvessa


Message History

Confirm with . or Enter, or press ? or * to list all spells.
Aiming: Sandblast (safe; 1% risk of failure)
Press: ? - help, Shift-Dir - straight line, f/p - Duvessa
Aim: Duvessa, wielding a +0 short sword and wearing a +0 ring mail (heavily wounded, berserk, fast, unusually strong)
The blast of sand hits Duvessa.
Duvessa is severely wounded.
g - 10 stones Duvessa hits you with a +0 short sword.
* * * LOW HITPOINT WARNING * * *
Duvessa completely misses you.
Casting: Sandblast (safe; 1% risk of failure)
Confirm with . or Enter, or press ? or * to list all spells.
Aiming: Sandblast (safe; 1% risk of failure)
Press: ? - help, Shift-Dir - straight line, f/p - Duvessa
Aim: Duvessa, wielding a +0 short sword and wearing a +0 ring mail (severely wounded, berserk, fast, unusually strong)
The blast of sand hits Duvessa but does no damage.
Duvessa is severely wounded.
g - 9 stones Duvessa hits you with a +0 short sword!
You die...

.# .#
##)#
#.)
...
#o#
#e#
#@#
#.#
#.#
#.#
#.#
#.#
#.#
#.#.#
#.#.#


You could see Duvessa (berserk) and an orc.

Vanquished Creatures
  Sigmund (D:3)
  Purgy (Sewer)
  An ogre (D:4)
  Dowan (D:5)
  A crimson imp (D:3)
  A hound (D:4)
  An orc priest (D:5)
  Ijyb (D:3)
  Natasha (thrice) (D:2)
  An orc wizard (D:5)
  3 worker ants (D:4)
  Robin (D:4)
  4 gnolls
  9 adders
  An ooze (D:3)
  An adder skeleton (D:4)
  2 worms (D:3)
  A dart slug (D:4)
  6 leopard geckos
  6 orcs
  A giant cockroach (D:3)
  19 goblins
  8 hobgoblins
  5 jackals
  A quokka (D:1)
  3 ball pythons
  8 bats
  15 frilled lizards
  7 kobolds
  A leopard gecko skeleton (D:4)
  A quokka skeleton (D:4)
  11 rats
  A spectral orc (D:2)
127 creatures vanquished.

Notes
Turn   | Place    | Note
-------+----------+-------------------------------------------
     0 | D:1      | Hasart the Deep Elf Earth Elementalist began the quest for
                  | the Orb.
     0 | D:1      | Reached XP level 1. HP: 10/10 MP: 6/6
   283 | D:1      | Reached XP level 2. HP: 15/15 MP: 5/8
   609 | D:2      | Noticed Natasha
   614 | D:2      | Reached skill level 4 in Earth Magic
   614 | D:2      | Reached XP level 3. HP: 19/19 MP: 7/10
   830 | D:2      | Killed Natasha
   830 | D:2      | Reached XP level 4. HP: 15/24 MP: 9/12
   869 | D:2      | Noticed Natasha
   874 | D:2      | Killed Natasha
   935 | D:2      | Noticed Natasha
   947 | D:2      | Killed Natasha
   947 | D:2      | Reached skill level 5 in Earth Magic
   947 | D:2      | Reached XP level 5. HP: 28/28 MP: 10/13
  1144 | D:2      | Learned a level 3 spell: Stone Arrow
  1150 | D:2      | Learned a level 5 spell: Lee's Rapid Deconstruction
  1439 | D:2      | Found a basalt altar of Yredelemnul.
  2352 | D:3      | Reached XP level 6. HP: 32/32 MP: 4/15
  2487 | D:3      | Noticed Sigmund
  2492 | D:3      | Killed Sigmund
  2492 | D:3      | Reached skill level 5 in Spellcasting
  2492 | D:3      | Reached skill level 6 in Earth Magic
  3226 | D:3      | Noticed Ijyb
  3242 | D:3      | Killed Ijyb
  3536 | D:4      | Reached skill level 5 in Dodging
  3536 | D:4      | Reached XP level 7. HP: 30/36 MP: 2/17
  3768 | D:4      | Noticed Robin
  3782 | D:4      | Killed Robin
  3782 | D:4      | Reached skill level 7 in Earth Magic
  3974 | D:4      | Found a glowing drain.
  3986 | Sewer    | Entered a sewer
  4139 | Sewer    | Noticed Purgy
  4144 | Sewer    | Killed Purgy
  4745 | D:5      | Entered Level 5 of the Dungeon
  4754 | D:5      | Reached skill level 1 in Conjurations
  4805 | D:5      | Noticed Dowan
  4809 | D:5      | Noticed Duvessa
  4810 | D:5      | Killed Dowan
  4816 | D:5      | Slain by Duvessa

Skill      XL: |  1  2  3  4  5  6  7 |
---------------+----------------------+-----
Dodging        | 3 4 5 |  5.7
Earth Magic    | 4 5 6 7 |  7.5
Spellcasting   | 4 5 6 |  6.4
Conjurations   | 1 |  1.3
Armour         | |  0.5
Stealth        | |  2.4
Transmutations | |  1.1

Action                   |  1- 3 |  4- 6 |  7- 9 || total
-------------------------+-------+-------+-------++-------
Melee: Dagger            |     4 |       |       ||     4
       Short sword       |     3 |    56 |    15 ||    74
 Cast: Sandblast         |    36 |    39 |    29 ||   104
       Stone Arrow       |       |    50 |    20 ||    70
       Lee's Rapid Decon |       |       |     4 ||     4
  Use: Scroll            |       |     2 |       ||     2
 Stab: Sleeping          |     2 |     3 |       ||     5
  Eat: Chunk             |       |    10 |     2 ||    12
       Ration            |       |       |     1 ||     1
Armor: Robe              |     2 |    16 |     2 ||    20
Dodge: Dodged            |    22 |    76 |    19 ||   117
